 Dungeon Crawl Stone Soup version 0.27.1-1-g398f81649c (webtiles) character file.

Game seed: 233594367132249109

34 Descartes the Ducker (level 3, -5/17 HPs)
             Began as a Felid Monk on Sept 12, 2021.
             Succumbed to Terence's poison
             ... on level 2 of the Dungeon.
             The game lasted 00:02:28 (2201 turns).

Descartes the Ducker (Felid Monk)                   Turns: 2201, Time: 00:02:29

Health: -5/17      AC:  1    Str:  8    XL:     3   Next: 14%
Magic:  4/4        EV: 19    Int: 11    God:
Gold:   41         SH:  0    Dex: 18    Spells: 2/2 levels left
                                        Lives:  0   Deaths: 0

rFire    . . .     SeeInvis +     - Unarmed
rCold    . . .     Faith    .   (shield unavailable)
rNeg     . . .     Spirit   .   (armour unavailable)
rPois    .         Reflect  .   (helmet unavailable)
rElec    .         Harm     .   (cloak unavailable)
rCorr    .         Rampage  .   (gloves unavailable)
Will     .....                  (boots unavailable)
Stlth    +++.......             (no amulet)
HPRegen  0.05/turn              (no ring)
MPRegen  0.09/turn              (no ring)

@: lethally poisoned (-5 -> -36), flying, quick
A: very small, claws 1, fangs 3, see invisible, speed 1, shaggy fur 1, stealthy
paws, no weapons or thrown items, no armour, multi-lived
a: no special abilities


You were on level 2 of the Dungeon.
You visited 1 branch of the dungeon, and saw 2 of its levels.

You collected 41 gold pieces.

Inventory:

Scrolls
 a - a scroll of identify {unknown}
 d - a scroll of teleportation {unknown}
Potions
 c - a potion of heal wounds {unknown}


   Skills:
 - Level 3.0 Fighting
 + Level 4.5 Dodging
 * Level 4.1 Stealth
 + Level 3.3 Unarmed Combat


You had 2 spell levels left.
You didn't know any spells.
Your spell library contained the following spells:

 Spells                   Type           Power      Damage    Failure   Level
 Ozocubu's Armour         Ice            0%         N/A       71%         3
 Metabolic Englaciation   Hex/Ice        0%         N/A       100%        5
 Simulacrum               Ice/Necr       0%         N/A       100%        6


Dungeon Overview and Level Annotations

Branches:
Dungeon (2/15)

Altars:

Shops:
D:1 [

Annotations:
D:2 Terence


Innate Abilities, Weirdness & Mutations

You have sharp claws.
You have razor-sharp teeth.
You have supernaturally acute eyesight. (SInv)
You cover ground quickly. (Speed+)
You are covered in fur. (AC +1)
Your paws help you pounce on unaware monsters.
You are incapable of wielding weapons or throwing items.
You cannot wear armour.
You gain extra lives every three experience levels.


Message History

No target in view!
No target in view!
No target in view!
No target in view!
A goblin comes into view. It is wielding a +0 dagger.
Found a scale mail and 8 gold pieces.
Found a book of Winter.
The helpless goblin fails to defend itself.
You claw the goblin!
You kill the goblin!
No target in view!
No target in view!
No target in view!
No target in view!
No target in view!
No target in view!
Things that are here:
a +0 dagger; a +0 scale mail You pick up a book of Winter and begin reading...
You add the spells Ozocubu's Armour, Metabolic Englaciation and Simulacrum to your library.
You now have 41 gold pieces (gained 8).
Found a quarterstaff.
Found a leather armour.
Found a stone staircase leading up.
Found a curved jewelled staff.
Terence the Incautious comes into view.
He is wielding a +2 hand axe of venom.
Terence shouts!
Terence hits you with a +2 hand axe of venom!
You are lethally poisoned!
You scratch Terence. You claw Terence, but do no damage.
Your bite misses Terence.
Terence is lightly wounded.
You feel very sick.
Terence hits you with a +2 hand axe of venom.
* * * LOW HITPOINT WARNING * * *
You are more poisoned.
It was a potion of flight.
You feel very buoyant.
You fly up into the air.
You die...

####.................##.#
####.......>#..###....#
#........##....^##....#
###.###..#.........##...#
...##
##.#######.)....#.####
##.# #.# #........<..#
...# #.# #.#######..[#
...# #.# #.# #####
)..#####.## #@#
.........## #@#
...######### #.# ...#
###.......# ...#
#.#####.# ...# .# #.#
#### .# #.# J# #.#


You could see Terence.

Vanquished Creatures
  A worm (D:2)
  A dart slug (D:1)
  2 ball pythons (D:1)
  5 endoplasms
  A giant cockroach (D:1)
  2 goblins
  6 hobgoblins
  A kobold (D:1)
  A quokka (D:2)
  3 frilled lizards
  A rat (D:2)
24 creatures vanquished.

Notes
Turn   | Place    | Note
-------+----------+-------------------------------------------
     0 | D:1      | Descartes the Felid Monk began the quest for the Orb.
     0 | D:1      | Reached XP level 1. HP: 10/10 MP: 2/2
   367 | D:1      | Reached XP level 2. HP: 14/14 MP: 3/3
   502 | D:1      | Found Uciluir's Antique Armour Shop.
  1604 | D:2      | Reached XP level 3. HP: 7/17 MP: 4/4
  2193 | D:2      | Noticed Terence
  2201 | D:2      | Succumbed to Terence's poison

Illustrated notes

Levels and vault maps discovered:
D:1:      nzn_arrival_water_spiral, layout_basic, serial_shops,
          nicolae_shop_waterfront, minmay_strange_pillars
D:2:      layout_rooms, serial_co_window_serial, co_window_paths_a,
          co_window_corner_a, co_window_paths_a, co_window_of_opportunity_a,
          co_window_corner_a, co_window_2corner, co_window_corner_b,
          co_window_cross_2, co_window_corner_cb, co_window_sun,
          co_window_4corner_b, glass_columns_a, glass_columns_b,
          glass_columns_a, kennysheep_small_spiral, uniq_terence

Skill      XL: |  1  2 |
---------------+-------+-----
Stealth        | 3 4 |  4.1
Fighting       | |  3.0
Dodging        | |  4.5
Unarmed Combat | |  3.3

Action                   || total
-------------------------++-------
Melee: Unarmed           ||    69
       Bite              ||     2
       Punch             ||     1
  Use: Potion            ||     1
 Stab: Sleeping          ||     7
Armor: Skin              ||     1
Dodge: Dodged            ||    37
